 Dungeon Crawl Stone Soup version 0.32-a0-872-g59262bdc9b (webtiles) character file.

Game seed: 13186133109406714107

401 mattengel8991 the Cudgeller (level 6, 0/73 HPs)
             Began as a Demonspawn Gladiator on Mar 30, 2024.
             Was an Initiate of Nemelex Xobeh.
             Succumbed to a killer bee's poison
             ... on level 5 of the Dungeon.
             The game lasted 00:11:26 (3056 turns).

mattengel8991 the Cudgeller (Demonspawn Gladiator)  Turns: 3056, Time: 00:11:26

Health: 0/73       AC:  9    Str: 17    XL:     6   Next: 54%
Magic:  6/6        EV: 10    Int:  8    God:    Nemelex Xobeh [......]
Gold:   56         SH:  0    Dex: 14    Spells: 5/5 levels left

rFire   . . .        n - +0 eveningstar (flame)
rCold   . . .        (no shield)
rNeg    . . .        k - +0 ring mail
rPois   .            c - +1 helmet
rElec   .            (no cloak)
rCorr   .            (no gloves)
SInv    .            (no boots)
Will    .....        (no amulet) Stlth
                     (no ring)
HPRegen 0.32/turn    (no ring)
MPRegen 0.10/turn

%: no passive effects
@: berserking, lethally poisoned (0 -> -9), attractive, very quick
A: rugged brown scales 2, spiny 1
a: Renounce Religion, Draw Escape, Draw Destruction, Draw Summoning


You were on level 5 of the Dungeon.
You worshipped Nemelex Xobeh.
Nemelex Xobeh was noncommittal.
You visited 2 branches of the dungeon, and saw 6 of its levels.

You collected 134 gold pieces.
You spent 78 gold pieces at shops.

Inventory:

Hand Weapons
 n - a +0 eveningstar of flaming (weapon)
Missiles
 a - 16 stones
 b - 12 poisoned darts
 d - 3 throwing nets
 e - 5 javelins
 p - 4 boomerangs (quivered)
Armour
 c - a +1 helmet (worn)
 k - a +0 ring mail (worn)
 q - the +5 ring mail "Punexky" {-Tele Rampage rElec}
   (You found it on level 4 of the Dungeon)

   rElec:     It insulates you from electricity.
   -Tele:     It prevents most forms of teleportation.
   Rampage:   It bestows one free step when moving towards enemies.
Jewellery
 w - a ring of wizardry
Wands
 m - a wand of polymorph (10)
Scrolls
 f - a scroll of summoning
 r - a scroll of brand weapon {unknown}
 u - a scroll of silence {unknown}
 x - a scroll of amnesia {unknown}
 y - a scroll of immolation {unknown}
Potions
 i - a potion of ambrosia {unknown}
 j - a potion of mutation {unknown}
 l - a potion of attraction
 o - a potion of heal wounds {unknown}
 s - a potion of brilliance {unknown}
 t - 2 potions of resistance {unknown}
 v - a potion of enlightenment {unknown}


   Skills:
 + Level 3.0 Fighting
 + Level 6.1 Maces & Flails
 + Level 2.5 Throwing
 - Level 0.2 Armour
 - Level 2.7 Dodging


You had 5 spell levels left.
You didn't know any spells.
Your spell library contained the following spells:

 Spells                   Type           Power      Damage    Failure   Level
 Stone Arrow              Conj/Erth      0%         3d7       94%         3
 Animate Armour           Summ/Erth      0%         N/A       100%        4
 Lehudib's Crystal Spear  Conj/Erth      0%         10d2      100%        8


Dungeon Overview and Level Annotations

Branches:
Dungeon (5/15)             Temple (1/1) D:4

Altars:
Ashenzari
Cheibriados
Dithmenos
Fedhas
Kikubaaqudgha
Makhleb
Nemelex Xobeh
Okawaru
Qazlal
Ru
Sif Muna
Trog
Vehumet
Wu Jian
Xom
Yredelemnul

Shops:
D:1 *


Innate Abilities, Weirdness & Mutations

You are mostly covered in rugged brown scales. (AC +2, +5% HP)
You are partially covered in sharp spines.


Message History

You miss the killer bee.
The killer bee is moderately wounded.
You feel sick. The killer bee stings you.
The killer bee is struck by your spines.
The killer bee closely misses you.
Unknown command.
Okay, then.
As you read the scroll of fear, it crumbles to dust.
You assume a fearsome visage.
The killer bee looks frightened! x3
You feel sick.
You closely miss the killer bee.
You feel sick. The killer bee stings you.
You are more poisoned.
The killer bee poisons you! The killer bee stings you!
* * * LOW HITPOINT WARNING * * *
You are more poisoned.
The killer bee poisons you!
It was a potion of attraction.
You feel attractive to monsters.
* * * LOW HITPOINT WARNING * * *
You feel very sick.
The killer bee stings you but does no damage.
The killer bee is struck by your spines.
The killer bee barely misses you. The killer bee is attracted toward you.
A red film seems to cover your vision as you go berserk!
You feel yourself moving faster!
You feel mighty!
* * * LOW HITPOINT WARNING * * *
You feel very sick.
The killer bee is struck by your spines.
The killer bee stings you.
* * * LOW HITPOINT WARNING * * *
The killer bee stings you but does no damage.
The killer bee is attracted toward you.
You bludgeon the killer bee!! You burn the killer bee.
You kill the killer bee!
* * * LOW HITPOINT WARNING * * *
You feel sick. The killer bee is attracted toward you.
Your Maces & Flails skill increases to level 6!
You are too berserk!
You die...
Your body disappears without a glow.

#.### #..<# #.#.#
#.#... ##
#.#.....
###§§###.####..#
.y...§.#.........
#§y##########
#..†.@.......
#.########### #.
#. .. .. #.#


You could see a killer bee (fleeing).

Vanquished Creatures
  A scorpion (D:4)
  2 killer bees (D:5)
  An orc priest (D:4)
  A sleepcap (D:4)
  An orc wizard (D:4)
  3 gnolls (D:4)
  4 adders
  2 ribbon worms
  4 dart slugs
  11 orcs
  7 bats
  10 endoplasms
  3 giant cockroaches
  4 goblins
  4 hobgoblins
  5 jackals
  5 quokkas
  6 ball pythons
  3 frilled lizards
  8 kobolds
  2 rats
87 creatures vanquished.

Notes
Turn   | Place    | Note
-------+----------+-------------------------------------------
     0 | D:1      | mattengel8991 the Demonspawn Gladiator began the quest for
                  | the Orb.
     0 | D:1      | Reached XP level 1. HP: 16/16 MP: 1/1
   128 | D:1      | Reached skill level 3 in Maces & Flails
   185 | D:1      | Gained mutation: You are partially covered in rugged brown
                  | scales. (AC +1, +3% HP) [demonic ancestry]
   185 | D:1      | Reached XP level 2. HP: 15/22 MP: 2/2
   315 | D:1      | Found Gacwunk's Assorted Antiques.
   336 | D:1      | Bought a scroll labelled ERUKHL RAXZINAU for 26 gold pieces
   684 | D:1      | Bought a scroll labelled QYOJAO JEOTUE for 26 gold pieces
   698 | D:2      | Gained mutation: You are partially covered in sharp spines.
                  | [demonic ancestry]
   698 | D:2      | Reached XP level 3. HP: 27/27 MP: 3/3
   934 | D:2      | Found a faded altar of an unknown god.
   949 | D:2      | Reached skill level 4 in Maces & Flails
  1178 | D:2      | Reached XP level 4. HP: 33/33 MP: 4/4
  1203 | D:1      | Bought a scroll labelled VOKLIM ZUHESAC for 26 gold pieces
  1206 | D:1      | Acquired a +0 eveningstar of flaming
  1690 | D:3      | Found an iron altar of Okawaru.
  1699 | D:3      | Found a sacrificial altar of Ru.
  1699 | D:3      | Found a bloodstained altar of Trog.
  1710 | D:3      | Found an ornate altar of the Wu Jian Council.
  1713 | D:3      | Found a snail-covered altar of Cheibriados.
  2241 | D:4      | Noticed a scorpion
  2254 | D:4      | Gained mutation: You are mostly covered in rugged brown
                  | scales. (AC +2, +5% HP) [demonic ancestry]
  2254 | D:4      | Reached XP level 5. HP: 28/40 MP: 5/5
  2261 | D:4      | Reached skill level 5 in Maces & Flails
  2333 | D:4      | Identified the +5 ring mail "Punexky" {-Tele Rampage rElec}
  2485 | D:4      | Reached XP level 6. HP: 48/48 MP: 6/6
  2529 | D:4      | Found a staircase to the Ecumenical Temple.
  2541 | Temple   | Entered the Ecumenical Temple
  2751 | Temple   | Became a worshipper of Nemelex Xobeh the Trickster
  2847 | D:4      | Found a burning altar of Makhleb.
  3035 | D:5      | Entered Level 5 of the Dungeon
  3054 | D:5      | HP: 3/73 [killer bee (4)]
  3055 | D:5      | HP: 1/73 [poisoned by a killer bee]
  3056 | D:5      | Reached skill level 6 in Maces & Flails
  3056 | D:5      | Succumbed to a killer bee's poison

Illustrated notes

Levels and vault maps discovered:
D:1:      wander_arrival_chamber, layout_basic, serial_shops, shop
D:2:      layout_rooms, ebering_ecumenical_altar_hall
D:3:      layout_loops_ring, minmay_overflow_temple_star_hex, minmay_hedge_maze,
          moated_statue
D:4:      layout_cave_pools, lemuel_coloured_pillars_altar,
          minmay_temple_entry_butterflies
D:5:      layout_basic, elyvilon_altar_5, mainiacjoe_overflow_tiny_flanked,
          portal_sewer_entry_b, minmay_misc_feat_room, grunt_ministairs_5,
          serial_bayou_pond_a
Temple:   minmay_temple_forest_path

Skill      XL: |  1  2  3  4  5  6 |
---------------+-------------------+-----
Maces & Flails | 3 4 5 6 |  6.1
Throwing       | 2 |  2.5
Fighting       | 3 |  3.0
Armour         | |  0.2
Dodging        | |  2.7

Action                     |  1- 3 |  4- 6 || total
---------------------------+-------+-------++-------
  Melee: Flail             |    76 |       ||    76
         Eveningstar       |       |    80 ||    80
  Throw: Stone             |       |     5 ||     5
         Javelin           |       |     2 ||     2
         Dart              |       |     3 ||     3
         Boomerang         |       |     3 ||     3
    Use: Scroll            |     5 |     4 ||     9
         Potion            |       |     2 ||     2
   Stab: Sleeping          |     1 |       ||     1
 Armour: Leather armour    |    36 |       ||    36
         Ring mail         |     7 |    58 ||    65
  Dodge: Dodged            |    55 |    45 ||   100

Table legend: (Time is in decaauts)
 A = Elapsed time spent in this place.
 B = Non-inter-level travel time spent in this place.
 C = Inter-level travel time spent in this place.
 D = Time resting spent in this place.
 E = Time spent auto-exploring this place.
 F = Levels seen in this place.
 G = Mean time per level.
                   A        B        C        D        E       F      G
               +--------+--------+--------+--------+--------+-----+--------+
         Total |   3095 |   2703 |    392 |    152 |   1944 |   6 |  515.8 |
       Dungeon |   2863 |   2695 |    168 |    152 |   1938 |   5 |  572.6 |
        Temple |    232 |      8 |    224 |      0 |      6 |   1 |  232.0 |
               +--------+--------+--------+--------+--------+-----+--------+

Top non-repeatable levels by time:
     D:3: 877 daAuts
     D:1: 837 daAuts
     D:4: 596 daAuts
     D:2: 530 daAuts
  Temple: 232 daAuts
     D:5: 21 daAuts
